 Dungeon Crawl Stone Soup version 0.32-a0-779-g362cfcae2a (webtiles) character file.

Game seed: 17940527755348684509

7 YayAnonymity the Changeling (level 1, -1/15 HPs)
             Began as a Demonspawn Shapeshifter on Mar 19, 2024.
             Slain by a ball python (3 damage)
             ... on level 1 of the Dungeon.
             The game lasted 00:01:42 (240 turns).

YayAnonymity the Changeling (DsSh)                   Turns: 240, Time: 00:01:42

Health: -1/15      AC:  2    Str: 14    XL:     1   Next: 83%
Magic:  1/1        EV:  1    Int: 10    God:
Gold:   39         SH:  0    Dex: 12    Spells: 0/0 levels left

rFire   . .          .
                       - Unarmed
rCold   . . .        (no shield)
rNeg    . . .        a - +0 animal skin
rPois   .            (no helmet)
rElec   .            (no cloak)
rCorr   .            (no gloves)
SInv    .            (no boots)
Will    .....        (no amulet)
Stlth   +            (no ring)
HPRegen 0.22/turn    (no ring)
MPRegen 0.07/turn

%: no passive effects
@: constricted
A: no striking features
a: no special abilities


You were on level 1 of the Dungeon.
You visited 1 branch of the dungeon, and saw 1 of its levels.

You collected 39 gold pieces.

Inventory:

Armour
 a - a +0 animal skin (worn)
Talismans
 c - a beast talisman
 d - a flux talisman
Scrolls
 e - a scroll of enchant weapon {unknown}
 f - a scroll of torment {unknown}
Potions
 b - a potion of lignification
 g - a potion of heal wounds {unknown}


   Skills:
 + Level 1.2 Fighting
 + Level 1.9 Dodging
 + Level 2.8 Unarmed Combat
 * Level 2.8 Shapeshifting


You couldn't memorise any spells.
You didn't know any spells.
Your spell library was empty.

Dungeon Overview and Level Annotations

Branches:
Dungeon (1/15)

Altars:


Message History

The dart slug closely misses you.
You hit the dart slug.
The dart slug is heavily wounded.
The dart slug closely misses you.
You completely miss the dart slug.
The dart slug is heavily wounded.
You hit the dart slug.
The dart slug is severely wounded.
The dart slug barely misses you.
You hit the dart slug.
You kill the dart slug!
No target in view!
A ball python comes into view.
Found a helmet.
The ball python hisses angrily.
The ball python moves out of view.
No target in view!
Found a knobbly glowing staff and 12 gold pieces.
A ball python is nearby!
You hit the ball python but do no damage.
The ball python bites you. The ball python grabs you.
The ball python constricts you.
You hit the ball python.
The ball python is moderately wounded.
The ball python bites you. The ball python constricts you.
You hit the ball python but do no damage.
The ball python is moderately wounded.
The ball python bites you but does no damage.
The ball python constricts you.
You closely miss the ball python.
The ball python is moderately wounded.
The ball python bites you. The ball python constricts you.
You hit the ball python but do no damage.
The ball python is moderately wounded.
The ball python bites you.
* * * LOW HITPOINT WARNING * * *
The ball python constricts you.
* * * LOW HITPOINT WARNING * * *
The ball python bites you.
You die...

##### ### #... ..#
######.# #.# #
#......#####.# .#
#.#..#......##.#
|...#.#....#.##.##.#
#.......##.##.##.#
.....#@####.......#
#### #S# #.##.####
.. #.. ...#...# #. .
[...####...# #.....
....# #...# .#....
.....# ##(## ......
.....# #.# .#....
...$..# #.# #.... .
#.#


You could see a ball python.

Vanquished Creatures
  A dart slug (D:1)
  A bat (D:1)
  A hobgoblin (D:1)
  2 rats (D:1)
5 creatures vanquished.

Notes
Turn   | Place    | Note
-------+----------+-------------------------------------------
     0 | D:1      | YayAnonymity the Demonspawn Shapeshifter began the quest
                  | for the Orb.
     0 | D:1      | Reached XP level 1. HP: 15/15 MP: 1/1
   240 | D:1      | Slain by a ball python

Illustrated notes

Levels and vault maps discovered:
D:1:      mrwooster_arrival_statue, layout_loops_cross, st_stairs_4

Action                     || total
---------------------------++-------
  Melee: Unarmed           ||    28
Ability: Begin Untransform ||     1
 Armour: Animal skin       ||    20
  Dodge: Dodged            ||    22

Table legend: (Time is in decaauts)
 A = Elapsed time spent in this place.
 B = Non-inter-level travel time spent in this place.
 C = Inter-level travel time spent in this place.
 D = Time resting spent in this place.
 E = Time spent auto-exploring this place.
 F = Levels seen in this place.
 G = Mean time per level.
                   A        B        C        D        E       F      G
               +--------+--------+--------+--------+--------+-----+--------+
         Total |    238 |    238 |      0 |      0 |    179 |   1 |  238.0 |
       Dungeon |    238 |    238 |      0 |      0 |    179 |   1 |  238.0 |
               +--------+--------+--------+--------+--------+-----+--------+

Top non-repeatable levels by time:
     D:1: 238 daAuts
